 Dungeon Crawl Stone Soup version 0.21.1-1-g345015f (webtiles) character file.

6 n0claF the Shooter (level 1, -1/17 HPs)
             Began as a Centaur Hunter on June 22, 2018.
             Slain by a hobgoblin (4 damage)
             ... on level 1 of the Dungeon.
             The game lasted 00:00:44 (254 turns).

n0claF the Shooter (Centaur Hunter)                  Turns: 254, Time: 00:00:45

Health: -1/17      AC:  4    Str: 14    XL:     1   Next: 75%
Magic:  1/1        EV:  9    Int: 10    God:
Gold:   24         SH:  0    Dex:  9    Spells: 0/0 levels left

rFire    . . .     SeeInvis .   a - +1 shortbow
rCold    . . .     Gourm    .   (shield currently unavailable)
rNeg     . . .     Faith    .   c - +0 leather armour
rPois    .         Spirit   .   (no helmet)
rElec    .         Reflect  .   (no cloak)
rCorr    .         Harm     .   (no gloves)
MR       .....                  (no barding)
Stlth    +.........             (no amulet)
HPRegen  0.05/turn              (no ring)
MPRegen  0.07/turn              (no ring)

@: very quick
A: large, hooves 3, deformed body, speed 2, tough skin 3
a: no special abilities


You were on level 1 of the Dungeon.
You were not hungry.

You visited 1 branch of the dungeon, and saw 1 of its levels.

You collected 24 gold pieces.

Inventory:

Hand Weapons
 a - a +1 shortbow (weapon)
Missiles
 d - 18 arrows (quivered)
Armour
 c - a +0 leather armour (worn)
Potions
 f - a potion of degeneration {unknown}
 g - a potion of flight {unknown}
Comestibles
 b - a chunk of flesh
 e - 2 rations {!d}


   Skills:
 + Level 2.1 Fighting
 + Level 5.4 Bows
 + Level 1.5 Dodging
 + Level 0.6 Stealth


You couldn't memorise any spells.
You didn't know any spells.

Dungeon Overview and Level Annotations

Branches:
Dungeon (1/15)

Altars:


Innate Abilities, Weirdness & Mutations

You have hooves in place of feet.
Armour fits poorly on your strangely shaped body.
You cover ground very quickly.
You have extremely tough skin. (AC +3)


Message History

You hit the hobgoblin.
You kill the hobgoblin!
No target in view!
No target in view!
g - an orange potion
Found a scale mail.
You see here a scale mail.
A ball python comes into view.
The ball python hisses angrily.
A ball python is nearby!
The ball python closely misses you.
You hit the ball python.
You kill the ball python!
No target in view!
No target in view!
Found a ration.
No target in view!
e - 2 rations {!d} (gained 1)
Found a stone staircase leading down. 2 hobgoblins come into view.
The hobgoblin shouts!
The hobgoblin closely misses you.
A frilled lizard comes into view.
You hit the hobgoblin. Your kick misses the hobgoblin.
The hobgoblin barely misses you.
The hobgoblin hits you but does no damage.
You hit the hobgoblin. The hobgoblin hits you.
The hobgoblin hits you but does no damage.
You hit the hobgoblin.
You kill the hobgoblin!
The hobgoblin hits you.
You barely miss the hobgoblin.
The hobgoblin hits you but does no damage.
You hit the frilled lizard.
You kill the frilled lizard!
The hobgoblin closely misses you.
You hit the hobgoblin but do no damage. The hobgoblin hits you.
* * * LOW HITPOINT WARNING * * *
a - a +1 shortbow (weapon)
The hobgoblin hits you but does no damage.
You are too injured to fight recklessly!
You are too injured to fight recklessly!
You are too injured to fight recklessly!
Aim: a hobgoblin You shoot an arrow.
The arrow hits the hobgoblin.
The hobgoblin hits you.
* * * LOW HITPOINT WARNING * * *
Aim: a hobgoblin (severely wounded)
You shoot an arrow. The arrow closely misses the hobgoblin.
The hobgoblin hits you.
You die...

######## #.. .#.###
........ .#.......
####.. ..#.... # #.#
.....##. #.# ...... #.#
...# ########.# #
###..##.# #......... #.
#..@....# #.######.#
#.####.#)g##.# #.# #.#
#.#
...##.#..##.###.######.#
#.##
#.##.#..##.........##.#
# #.##. #....#..#
#..........# #
#.##.###.####..#
#...รท...#### #
#.##.....#
#..####...##### #
#.####.######.........#
#
#.##............####..#


You could see a hobgoblin.

Vanquished Creatures
  3 hobgoblins (D:1)
  A ball python (D:1)
  A frilled lizard (D:1)
  A rat (D:1)
6 creatures vanquished.

Notes
Turn   | Place    | Note
-------+----------+-------------------------------------------
     0 | D:1      | n0claF the Centaur Hunter began the quest for the Orb.
     0 | D:1      | Reached XP level 1. HP: 17/17 MP: 1/1
   254 | D:1      | Slain by a hobgoblin

Action                   || total
-------------------------++-------
Melee: Unarmed           ||    19
       Kick              ||     4
 Fire: Shortbow          ||     3
Armor: Leather armour    ||     6
Dodge: Dodged            ||    11
